 Dungeon Crawl Stone Soup version 0.30-b1-2-g02819fbbbe (webtiles) character file.

Game seed: 9852646051179668861

562 ketsa the Ruffian (level 7, -4/57 HPs)
             Began as a Ghoul Fighter on May 23, 2023.
             Was a Believer of Trog.
             Slain by Prince Ribbit (13 damage)
             ... on level 5 of the Dungeon.
             The game lasted 00:08:17 (3522 turns).

ketsa the Ruffian (Ghoul Fighter)                   Turns: 3522, Time: 00:08:17

Health: -4/57      AC:  8    Str: 22    XL:     7   Next: 32%
Magic:  6/6        EV:  9    Int:  3    God:    Trog [**....]
Gold:   60         SH:  4    Dex:  8    Spells: 6/6 levels left

rFire   . .          .
                       - Unarmed
rCold   + + .        b - +0 buckler
rNeg    + + +        a - +0 scale mail
rPois   ∞            r - +0 helmet
rElec   .            u - +0 cloak
rCorr   .            (no gloves)
SInv    .            (no boots)
Will    .....        (no amulet) Stlth
                     s - ring of protection from cold
HPRegen 0.00/turn    (no ring)
MPRegen 0.10/turn

%: no passive effects
@: inhibited regen
A: claws 1, cold resistance 1, negative energy resistance 3, inhibited
regeneration, torment resistance 2, devour on kill
a: Renounce Religion, Trog's Hand


You were on level 5 of the Dungeon.
You worshipped Trog.
Trog was pleased with you.
You visited 1 branch of the dungeon, and saw 5 of its levels.

You collected 168 gold pieces.
You spent 108 gold pieces at shops.

Inventory:

Armour
 a - a +0 scale mail (worn)
 b - a +0 buckler (worn)
 f - a +0 ring mail
 r - a +0 helmet (worn)
 u - a +0 cloak (worn)
Jewellery
 s - a ring of protection from cold (left claw)
Wands
 p - a wand of light (8)
Scrolls
 d - 3 scrolls of enchant weapon
 e - a scroll of fear
 i - a scroll of immolation
 j - a scroll of brand weapon
 o - 4 scrolls of teleportation
 t - a scroll of vulnerability {unknown}
Potions
 c - 2 potions of might
 g - 2 potions of heal wounds
 k - a potion of lignification
 n - 3 potions of mutation
 q - a potion of curing


   Skills:
 - Level 3.2 Fighting
 - Level 2.6 Armour
 + Level 4.7 Shields
 * Level 7.1 Unarmed Combat


You had 6 spell levels left.
You didn't know any spells.
Your spell library contained the following spells:

 Spells                   Type           Power      Damage    Failure   Level
 Gell's Gravitas          Tloc           0%         N/A       99%         3
 Teleport Other           Tloc           0%         N/A       99%         3
 Dispersal                Tloc           0%         N/A       100%        6


Dungeon Overview and Level Annotations

Branches:
Dungeon (5/15) Zot: 26495
 Temple: D:4-7

Altars:
Fedhas
Hepliaklqana
Makhleb
Okawaru
Trog

Shops:
D:4 ?

Annotations:
D:5 Prince Ribbit


Innate Abilities, Weirdness & Mutations

You are immune to poison.
You have sharp fingernails.
Your flesh is cold resistant. (rC+)
You are immune to negative energy. (rN+++)
You do not regenerate when monsters are visible.
You are immune to unholy pain and torment.
You thrive by killing the living.


Message History

You block Prince Ribbit's attack.
You claw Prince Ribbit!
Prince Ribbit is moderately wounded.
Prince Ribbit hits you.
You miss Prince Ribbit.
Prince Ribbit is moderately wounded.
Prince Ribbit hits you!
You closely miss Prince Ribbit.
Prince Ribbit is moderately wounded.
You feel the effects of Trog's Hand fading.
Prince Ribbit hits you but does no damage.
You barely miss Prince Ribbit.
Prince Ribbit is moderately wounded.
Prince Ribbit hits you! Prince Ribbit hits you.
* * * LOW HITPOINT WARNING * * *
You closely miss Prince Ribbit.
Prince Ribbit is lightly wounded.
Prince Ribbit hits you.
* * * LOW HITPOINT WARNING * * *
You closely miss Prince Ribbit.
Prince Ribbit is lightly wounded.
Prince Ribbit hits you but does no damage.
You barely miss Prince Ribbit.
Prince Ribbit is lightly wounded.
Prince Ribbit hits you but does no damage.
Prince Ribbit barely misses you.
You claw Prince Ribbit!
Prince Ribbit is heavily wounded.
You block Prince Ribbit's attack.
You miss Prince Ribbit.
Prince Ribbit is heavily wounded.
Your skin stops crawling.
You feel less strong-willed. Prince Ribbit hits you.
* * * LOW HITPOINT WARNING * * *
Prince Ribbit hits you!
* * * LOW HITPOINT WARNING * * *
You miss Prince Ribbit.
Prince Ribbit is heavily wounded.
Prince Ribbit hits you!
You die...

#...#.....#
#...'.....#...$...?..
####+#.....#..........#
#..........#..........#
#..........#..........#
#..........#..........#
#.(........#..........#
#..........#.>F.......##
#..........#..@........#
######.....#...........#
#.....#...........#
#.....#.....##...##
#.....#.....# ###
######.....####'###
#.................#
#.................#
#.................#


You could see Prince Ribbit.

Vanquished Creatures
  Edmund (D:4)
  A phantom (D:4)
  A water moccasin skeleton (D:3)
  An iguana (D:3)
  3 sleepcaps
  Crazy Yiuf (D:4)
  A hound skeleton (D:3)
  A howler monkey zombie (D:3)
  Robin (D:3)
  6 adders
  2 ufetubi
  An adder zombie (D:3)
  2 adder skeletons (D:3)
  A worm (D:4)
  2 dart slugs
  5 orcs
  2 ball pythons (D:4)
  4 bats
  4 endoplasms
  2 giant cockroaches
  11 goblins
  10 hobgoblins
  2 jackals (D:2)
  2 quokkas
  A frilled lizard (D:3)
  A jackal zombie (D:3)
  7 kobolds
  A quokka skeleton (D:3)
  3 rats
80 creatures vanquished.

Notes
Turn   | Place    | Note
-------+----------+-------------------------------------------
     0 | D:1      | ketsa the Ghoul Fighter began the quest for the Orb.
     0 | D:1      | Reached XP level 1. HP: 19/19 MP: 0/0
   397 | D:1      | Reached XP level 2. HP: 26/26 MP: 1/1
   763 | D:2      | Reached skill level 3 in Unarmed Combat
  1009 | D:2      | Reached XP level 3. HP: 29/31 MP: 2/2
  1249 | D:2      | Reached XP level 4. HP: 35/38 MP: 3/3
  1478 | D:2      | Found a faded altar of an unknown god.
  1481 | D:2      | Prayed at the altar of an unknown god.
  1481 | D:2      | Became a worshipper of Trog the Wrathful
  1481 | D:2      | Reached * piety under Trog
  1536 | D:3      | Reached skill level 4 in Unarmed Combat
  1801 | D:3      | Reached skill level 5 in Unarmed Combat
  1801 | D:3      | Reached XP level 5. HP: 43/45 MP: 4/4
  1901 | D:3      | Noticed Robin
  1924 | D:3      | Killed Robin
  1924 | D:3      | Reached ** piety under Trog
  2105 | D:3      | Found an iron altar of Okawaru.
  2486 | D:3      | Reached XP level 6. HP: 14/51 MP: 5/5
  2708 | D:4      | Noticed Edmund
  2719 | D:4      | Killed Edmund
  2720 | D:4      | Reached skill level 6 in Unarmed Combat
  2817 | D:4      | Found a burning altar of Makhleb.
  2821 | D:4      | Found a hazy altar of Hepliaklqana.
  2826 | D:4      | Found a blossoming altar of Fedhas.
  2909 | D:4      | Reached XP level 7. HP: 57/57 MP: 6/6
  3061 | D:4      | Reached skill level 7 in Unarmed Combat
  3093 | D:4      | Found a runed translucent door.
  3094 | D:4      | Noticed Crazy Yiuf
  3101 | D:4      | Killed Crazy Yiuf
  3374 | D:4      | Found Woajuf's Magic Scroll Shoppe.
  3385 | D:4      | Bought a scroll of teleportation for 36 gold pieces
  3385 | D:4      | Bought 3 scrolls of identify for 72 gold pieces
  3457 | D:5      | Entered Level 5 of the Dungeon
  3495 | D:5      | Noticed Prince Ribbit
  3522 | D:5      | Slain by Prince Ribbit

Illustrated notes

Levels and vault maps discovered:
D:1:      minmay_arrival_semitransparent, layout_basic, minmay_misc_feat_roman,
          chequers_serial_rivers_room_b
D:2:      layout_loops_ring, shapermc_ecumenical_altar_mp_vishouse
D:3:      layout_rooms, lemuel_round_altar, serial_undead, serial_undead_d,
          serial_undead_e, serial_undead_a, serial_undead_c, uniq_robin
D:4:      layout_gridville, minmay_overflow_temple_star_quad, serial_shops,
          shop_statue, hellmonk_no_cap, uniq_edmund, uniq_crazy_yiuf_cottage
D:5:      layout_gridville, jmf_multi_god_temple2, kennysheep_generic_room_16,
          uniq_prince_ribbit1

Skill      XL: |  1  2  3  4  5  6  7 |
---------------+----------------------+-----
Unarmed Combat | 3 5 6 7 |  7.1
Shields        | 3 4 |  4.7
Fighting       | |  3.2
Armour         | |  2.6

Action                     |  1- 3 |  4- 6 |  7- 9 || total
---------------------------+-------+-------+-------++-------
  Melee: Unarmed           |    83 |   173 |    61 ||   317
 Invoke: Trog's Hand       |       |       |     1 ||     1
    Use: Scroll            |     2 |       |     8 ||    10
 Armour: Scale mail        |    25 |    79 |    19 ||   123
  Dodge: Dodged            |    29 |    68 |    31 ||   128
  Block: Buckler           |    11 |    42 |    13 ||    66
